 Dungeon Crawl Stone Soup version 0.25.0-11-g1f837a76a1 (webtiles) character file.

Game seed: 16494005460039483863

24 rinta the Chopper (level 2, 0/27 HPs)
             Began as a Minotaur Berserker on June 25, 2020.
             Was a Follower of Trog.
             Slain by an adder (4 damage)
             ... on level 2 of the Dungeon.
             The game lasted 00:04:23 (1247 turns).

rinta the Chopper (Minotaur Berserker)              Turns: 1247, Time: 00:04:24

Health: 0/27       AC:  2    Str: 21    XL:     2   Next: 79%
Magic:  1/1        EV: 11    Int:  4    God:    Trog [*.....]
Gold:   50         SH:  0    Dex:  5    Spells: 1/1 levels left

rFire    . . .     SeeInvis .   a - +0 hand axe
rCold    . . .     Gourm    .   (no shield)
rNeg     . . .     Faith    .   b - +0 animal skin
rPois    .         Spirit   .   (helmet restricted)
rElec    .         Reflect  .   (no cloak)
rCorr    .         Harm     .   (no gloves)
MR       .....                  (no boots)
Stlth    +.........             (no amulet)
HPRegen  0.09/turn              h - -4 ring of dexterity (curse)
MPRegen  0.07/turn              (no ring)

@: lethally poisoned (0 -> -8)
A: retaliatory headbutt, horns 2
a: Berserk, Renounce Religion


You were on level 2 of the Dungeon.
You worshipped Trog.
Trog was aware of your devotion.
You were not hungry.

You visited 1 branch of the dungeon, and saw 2 of its levels.

You collected 50 gold pieces.

Inventory:

Hand Weapons
 a - a +0 hand axe (weapon)
 n - a +0 dagger of venom
Missiles
 f - 32 stones
 j - 2 curare-tipped darts (quivered)
 p - 17 poisoned darts
Armour
 b - a +0 animal skin (worn)
Jewellery
 h - a cursed -4 ring of dexterity (left hand)
Scrolls
 d - a scroll of identify {unknown}
 e - 4 scrolls of remove curse {unknown}
 g - a scroll of enchant weapon {unknown}
 m - a scroll of enchant armour {unknown}
Potions
 i - 2 potions of brilliance {unknown}
 k - a potion of curing {unknown}
 l - a potion of flight {unknown}
 o - a potion of heal wounds {unknown}
Comestibles
 c - 2 rations


   Skills:
 + Level 4.1 Fighting
 * Level 4.6 Axes
 - Level 2.4 Armour
 - Level 2.1 Dodging


You had one spell level left.
You didn't know any spells.
Your spell library was empty.

Dungeon Overview and Level Annotations

Branches:
Dungeon (2/15)

Altars:


Innate Abilities, Weirdness & Mutations

You reflexively headbutt those who attack you in melee.
You have a pair of horns on your head.


Message History

You feel clumsy.
Oops, that ring feels deathly cold.
h - a cursed -4 ring of dexterity (left hand)
* * * LOW HITPOINT WARNING * * *
You feel sick. The adder bites you.
* * * LOW HITPOINT WARNING * * *
You are more poisoned.
The adder poisons you!
Okay, then.
The adder closely misses you.
You closely miss the adder. Your headbutt misses the adder.
The adder is severely wounded.
* * * LOW HITPOINT WARNING * * *
You feel sick. The adder barely misses you. You furiously retaliate!
You headbutt the adder. The adder barely misses you.
You completely miss the adder. Your headbutt misses the adder.
The adder is severely wounded.
* * * LOW HITPOINT WARNING * * *
You feel sick. The adder bites you.
You die...

.....#.....##
...........<.##
................#
................#
................###
...[......!.......#
b.......[.......#....#
#.................###
#....()#@......##.# #
####KS.....### ...
....####.####### ###.
.......>........
......$!########
......... ..........
......###.. ...... ##.


You could see an adder and a kobold.

Vanquished Creatures
  A dart slug (D:1)
  A leopard gecko (D:1)
  A giant cockroach (D:2)
  2 goblins (D:1)
  A hobgoblin (D:1)
  3 jackals (D:1)
  2 kobolds (D:1)
  3 bats (D:1)
  6 rats (D:1)
20 creatures vanquished.

Notes
Turn   | Place    | Note
-------+----------+-------------------------------------------
     0 | D:1      | rinta the Minotaur Berserker began the quest for the Orb.
     0 | D:1      | Reached XP level 1. HP: 19/19 MP: 0/0
   172 | D:1      | Reached XP level 2. HP: 11/27 MP: 1/1
  1247 | D:2      | Slain by an adder

Illustrated notes

Levels and vault maps discovered:
D:1:      minmay_arrival_shoal_huts, layout_loops_ring,
          chequers_decorated_corner
D:2:      layout_rooms, first_ration

Skill      XL: |  1  2 |
---------------+-------+-----
Axes           | 4 |  4.6
Fighting       | 4 |  4.1
Armour         | |  2.4
Dodging        | |  2.1

Action                   || total
-------------------------++-------
Melee: Hand axe          ||    43
       Headbutt          ||     4
  Eat: Chunk             ||     1
Armor: Animal skin       ||     5
Dodge: Dodged            ||    32
